 Dungeon Crawl Stone Soup version 0.27-a0-103-g6cd7b45605 (webtiles) character file.

Game seed: 11949300045173792831

5314 kae the Grappler (level 10, -4/100 HPs)
             Began as a Yellow Draconian Transmuter on Jan 22, 2021.
             Slain by an orc warrior
             ... wielding a +0 glaive
             ... summoned by an orc knight
              (20 damage)
             ... in a bailey.
             The game lasted 00:10:10 (11208 turns).

kae the Grappler (Yellow Draconian Transmuter)     Turns: 11208, Time: 00:10:10

Health: -4/100     AC:  6    Str: 15    XL:     10   Next: 37%
Magic:  15/18      EV: 12    Int: 13    God:
Gold:   336        SH:  0    Dex: 13    Spells: 7/20 levels left

rFire    x . .     SeeInvis .     - Unarmed
rCold    + + +     Faith    .   (shield currently unavailable)
rNeg     . . .     Spirit   .   (armour unavailable)
rPois    +         Reflect  .   (helmet currently unavailable)
rElec    .         Harm     .   (cloak currently unavailable)
rCorr    .         Rampage  .   (gloves currently unavailable)
Will     .....                  (boots currently unavailable)
Stlth    +.........             (no amulet)
HPRegen  0.26/turn              s - ring of wizardry
MPRegen  0.16/turn              m - ring of protection from cold

@: ice-form
A: large, (spit acid), unfitting armour, AC +7
a: End Transformation


You were in a bailey.
You were a creature of crystalline ice.
You visited 1 branch of the dungeon, and saw 7 of its levels.
You also visited: Bailey.

You collected 336 gold pieces.

Inventory:

Hand Weapons
 h - a +0 war axe
Jewellery
 i - an uncursed ring of ice
 k - an uncursed ring of ice
 m - a ring of protection from cold (right front paw)
 s - a ring of wizardry (left front paw)
Wands
 l - a wand of digging (5)
 q - a wand of disintegration (7)
 t - a wand of flame (4)
Scrolls
 d - 4 scrolls of enchant weapon
 e - a scroll of teleportation
 f - 5 scrolls of fog
 g - a scroll of acquirement {unknown}
 p - 2 scrolls of enchant armour
 w - 3 scrolls of brand weapon {unknown}
Potions
 a - 2 potions of heal wounds
 b - 2 potions of flight
 c - 6 potions of curing
 j - 2 potions of mutation {unknown}
 n - 2 potions of lignification {unknown}
 o - 3 potions of attraction {unknown}
 r - a potion of berserk rage {unknown}
 u - a potion of brilliance
 v - a potion of magic
 x - a potion of might {unknown}


   Skills:
 + Level 6.4 Fighting
 + Level 5.7 Dodging
 * Level 9.1 Unarmed Combat
 + Level 5.9 Spellcasting
 + Level 6.2 Transmutations
 - Level 4.0 Ice Magic
 - Level 2.0 Poison Magic


You had 7 spell levels left.
You knew the following spells:

 Your Spells              Type           Power        Failure   Level
a - Beastly Appendage     Tmut           40%          1%          1
b - Spider Form           Tmut/Pois      7%           4%          3
c - Ice Form              Ice/Tmut       17%          9%          4
d - Blade Hands           Tmut           10%          16%         5

Your spell library contained the following spells:

 Spells                   Type           Power        Failure   Level
 Wereblood                Tmut           20%          1%          2
 Magic Dart               Conj           12%          7%          1
 Searing Ray              Conj           6%           11%         2
 Dazzling Flash           Conj/Hex       6%           21%         3
 Fulminant Prism          Conj/Hex       1%           52%         4
 Iskenderun's Mystic Bla  Conj/Tloc      3%           52%         4


Dungeon Overview and Level Annotations

Branches:
Dungeon (7/15)             Bailey (1/1)
 Temple: D:4-7

Altars:
Ashenzari
Cheibriados
Dithmenos
Makhleb
Qazlal
Ru
Sif Muna
Vehumet
Wu Jian
The Shining One

Shops:
D:6 (


Innate Abilities, Weirdness & Mutations

((You can spit globs of acid.))
((Your golden yellow scales are hard. (AC +7)))
You cannot fit into any form of body armour.
((You are cold-blooded and may be slowed by cold attacks.))
((You are resistant to acid. (rCorr)))


Message History

The orc wizard hits you with a +0 dagger.
* * * LOW HITPOINT WARNING * * *
The orc barely misses you. The orc closely misses you.
The orc hits you with a +0 hand axe!
* * * LOW HITPOINT WARNING * * *
The orc warrior hits you from afar with a +0 glaive!
* * * LOW HITPOINT WARNING * * *
The orc warrior hits you with a +0 battleaxe.
* * * LOW HITPOINT WARNING * * *
Okay, then.
You feel much better.
The orc knight hits you with a +0 trident!
* * * LOW HITPOINT WARNING * * *
The orc wizard hits you but does no damage.
The orc priest miscasts a cantrip.
The orc hits you but does no damage. The orc hits you with a +0 hand axe.
* * * LOW HITPOINT WARNING * * *
You feel much better.
The orc warrior hits you from afar with a +0 glaive!!
You die...

############ ##
##.∩))......## ##.
#..)).)......######..
#=.ooo).....)#[...#..
#∩.oYo)).....'))).)..
#...oo).....)#[...#..
#..oo........######..
##.∩........## ##.
############ ##


You could see an orc knight, 2 orc warriors, an orc priest (summoned), 2 orc
wizards and 3 orcs.

Vanquished Creatures
  Pikel (D:4)
  4 orc knights (Bailey)
  Grinder (D:3)
  A water moccasin (D:5)
  A sky beast (D:7)
  5 orc warriors
  2 ice beasts
  3 ogres
  2 phantoms
  A big kobold (D:5)
  Blork the orc (D:5)
  3 bullfrogs
  4 killer bees (D:7)
  A howler monkey (D:7)
  3 wights (D:7)
  A centaur zombie (D:5)
  A bullfrog zombie (D:5)
  A hound (D:3)
  2 bullfrog skeletons
  4 orc priests
  4 iguanas
  Natasha (thrice) (D:3)
  6 orc wizards
  A worker ant (D:5)
  A hound skeleton (D:6)
  Robin (D:2)
  A howler monkey zombie (D:7)
  2 worker ant zombies (D:5)
  4 gnolls
  7 adders
  A shadow imp (D:5)
  A white imp (D:7)
  2 ufetubi
  2 oozes (D:5)
  An adder zombie (D:5)
  4 worms
  6 dart slugs
  4 leopard geckos
  58 orcs
  3 giant cockroaches
  16 goblins
  12 hobgoblins
  10 jackals
  5 quokkas
  4 ball pythons
  8 bats
  A frilled lizard (D:2)
  A jackal skeleton (D:4)
  30 kobolds
  A leopard gecko skeleton (D:7)
  9 rats
251 creatures vanquished.

Vanquished Creatures (others)
  26 plants
26 creatures vanquished.

Grand Total: 277 creatures vanquished

Notes
Turn   | Place    | Note
-------+----------+-------------------------------------------
     0 | D:1      | kae the Draconian Transmuter began the quest for the Orb.
     0 | D:1      | Reached XP level 1. HP: 16/16 MP: 3/3
    85 | D:1      | Reached XP level 2. HP: 13/23 MP: 5/5
   827 | D:1      | Reached XP level 3. HP: 28/29 MP: 4/6
   831 | D:1      | Learned a level 3 spell: Spider Form
  2012 | D:2      | Noticed Robin
  2023 | D:2      | Reached XP level 4. HP: 25/36 MP: 5/7
  2093 | D:2      | Killed Robin
  2105 | D:2      | HP: 1/36 [goblin/stone[Robin] (6)]
  2492 | D:2      | Reached skill level 4 in Unarmed Combat
  3114 | D:3      | Reached XP level 5. HP: 41/41 MP: 5/9
  3149 | D:3      | Noticed Natasha
  3164 | D:3      | Killed Natasha
  3767 | D:3      | Found a shadowy altar of Dithmenos.
  3802 | D:3      | Reached skill level 1 in Poison Magic
  4236 | D:3      | Noticed Grinder
  4293 | D:3      | Reached XP level 6. HP: 36/50 MP: 0/10
  4906 | D:4      | Reached skill level 5 in Unarmed Combat
  4938 | D:4      | Your scales start taking on a golden yellow colour.
  4938 | D:4      | Reached XP level 7. HP: 33/57 MP: 7/11
  4938 | D:4      | Gained mutation: You are resistant to acid. (rCorr) [Yellow
                  | Draconian growth]
  5346 | D:4      | Found a broken altar of Ashenzari.
  5349 | D:4      | Found a stormy altar of Qazlal.
  5350 | D:4      | Found an ornate altar of the Wu Jian Council.
  5493 | D:3      | Noticed Natasha
  5508 | D:3      | Killed Natasha
  5662 | D:3      | You fall into a shaft and drop 3 floors!
  5695 | D:6      | Found Qoreiho's Weapon Boutique.
  5848 | D:6      | Found a radiant altar of Vehumet.
  6064 | D:6      | Found a sacrificial altar of Ru.
  6064 | D:6      | Found a burning altar of Makhleb.
  6124 | D:6      | Reached skill level 6 in Unarmed Combat
  6124 | D:6      | Reached XP level 8. HP: 50/66 MP: 10/13
  6574 | D:5      | Entered Level 5 of the Dungeon
  6752 | D:5      | Found a glowing golden altar of the Shining One.
  6761 | D:5      | Noticed Blork the orc
  6864 | D:5      | Learned a level 4 spell: Ice Form
  6870 | D:5      | Learned a level 5 spell: Blade Hands
  7121 | D:5      | Reached skill level 1 in Ice Magic
  8176 | D:4      | Found a snail-covered altar of Cheibriados.
  8181 | D:4      | Noticed Pikel
  8189 | D:4      | Killed Pikel
  8190 | D:4      | Reached skill level 7 in Unarmed Combat
  8190 | D:4      | Reached XP level 9. HP: 65/73 MP: 11/15
  8571 | D:3      | Noticed Natasha
  8580 | D:3      | Killed Natasha
  8615 | D:3      | Killed Grinder
  8616 | D:3      | Reached skill level 5 in Fighting
  8687 | D:3      | Found a faded altar of an unknown god.
  8951 | D:5      | Killed Blork the orc
  8999 | D:5      | Reached skill level 5 in Transmutations
  9499 | D:7      | Reached skill level 5 in Spellcasting
  9636 | D:7      | Found a shimmering blue altar of Sif Muna.
  9689 | D:7      | Reached skill level 5 in Dodging
  9689 | D:7      | Reached skill level 8 in Unarmed Combat
  9737 | D:7      | Found a flagged portal.
  9855 | Bailey   | Entered a bailey
 10482 | Bailey   | Noticed an orc knight
 10503 | Bailey   | Noticed an orc knight
 10513 | Bailey   | Killed an orc knight
 10514 | Bailey   | Reached XP level 10. HP: 46/83 MP: 15/18
 10517 | Bailey   | Killed an orc knight
 10909 | Bailey   | Noticed an orc knight
 10954 | Bailey   | Noticed an orc knight
 10966 | Bailey   | Killed an orc knight
 10967 | Bailey   | Reached skill level 9 in Unarmed Combat
 11089 | Bailey   | Killed an orc knight
 11165 | Bailey   | Noticed an orc knight
 11206 | Bailey   | HP: 4/100 [orc warrior/+0 glaive[an orc knight] (14)]
 11208 | Bailey   | Slain by an orc warrior

Illustrated notes

Levels and vault maps discovered:
D:1:      dpeg_arrival_line_fractal, layout_basic,
          chequers_serial_rivers_small_b
D:2:      kennysheep_big_flooded_room, layout_loops_ring, kennysheep_boxes,
          uniq_robin
D:3:      layout_loops_corners, lemuel_doored_altar,
          chequers_ecumenical_altar_island, uniq_grinder, uniq_natasha
D:4:      layout_basic, minitemple, old_standard_altar, uniq_pikel
D:5:      kennysheep_kobold_camp, layout_basic, nicolae_overflow_crystal_walls,
          kennysheep_generic_room_12, uniq_blork_the_orc
D:6:      layout_basic, gammafunk_temple_overflow_forgotten, serial_shops, shop
D:7:      layout_rooms, lemuel_mausoleum_altar_kikubaaqudgha,
          minmay_temple_entry_butterflies, enter_bailey_5, led_sif_pool
Bailey:   bailey_polearm_5, bailey

Skill      XL: |  1  2  3  4  5  6  7  8  9 10 |
---------------+-------------------------------+-----
Dodging        | 2 3 4 5 |  5.7
Fighting       | 2 3 4 6 |  6.4
Unarmed Combat | 4 5 6 7 8 9 |  9.1
Spellcasting   | 3 4 5 |  5.9
Poison Magic   | 1 2 |  2.0
Transmutations | 3 4 5 6 |  6.2
Ice Magic      | 2 4 |  4.0

Action                   |  1- 3 |  4- 6 |  7- 9 | 10-12 || total
-------------------------+-------+-------+-------+-------++-------
Melee: Unarmed           |   122 |   221 |   373 |    29 ||   745
       Kick              |    18 |     7 |     8 |       ||    33
       Punch             |     2 |     2 |     4 |       ||     8
       Tailslap          |    10 |    15 |    17 |       ||    42
       Headbutt          |    10 |     6 |     6 |       ||    22
 Cast: Beastly Appendage |    25 |    12 |     9 |       ||    46
       Spider Form       |       |    12 |    18 |       ||    30
       Ice Form          |       |       |    14 |     6 ||    20
 Abil: Breathe Acid      |       |       |     6 |     4 ||    10
Evoke: Wand              |       |       |       |     2 ||     2
  Use: Scroll            |       |     5 |    10 |       ||    15
       Potion            |       |     4 |     4 |     2 ||    10
 Stab: Sleeping          |     1 |     1 |       |       ||     2
       Distracted        |       |     1 |       |       ||     1
       Invisible         |       |       |       |     1 ||     1
Armor: Skin              |    36 |    49 |    58 |     3 ||   146
Dodge: Dodged            |    63 |   155 |   282 |    21 ||   521

Table legend: (Time is in decaauts)
 A = Elapsed time spent in this place.
 B = Non-inter-level travel time spent in this place.
 C = Inter-level travel time spent in this place.
 D = Time resting spent in this place.
 E = Time spent auto-exploring this place.
 F = Levels seen in this place.
 G = Mean time per level.
                   A        B        C        D        E       F      G
               +--------+--------+--------+--------+--------+-----+--------+
         Total |  11139 |  10802 |    337 |   2181 |   6713 |   8 | 1392.4 |
       Dungeon |   9818 |   9481 |    337 |   1799 |   6095 |   7 | 1402.6 |
        Bailey |   1320 |   1320 |      0 |    381 |    618 |   1 | 1320.0 |
               +--------+--------+--------+--------+--------+-----+--------+

Top non-repeatable levels by time:
     D:3: 2051 daAuts
     D:5: 1869 daAuts
     D:2: 1690 daAuts
     D:1: 1378 daAuts
     D:4: 1359 daAuts
  Bailey: 1320 daAuts
     D:6: 1025 daAuts
     D:7: 444 daAuts
